[Event "44th Chess Olympiad Open 2022"]
[Site "Chennai"]
[Date "2022.07.29"]
[Round "1.49"]
[White "Roselli Mailhe, Bernardo"]
[Black "Rafael Chirinza"]
[Result "1/2-1/2"]
[WhiteElo "2413"]
[BlackElo "1725"]
[Annotator "TA"]
[PlyCount "146"]
[EventDate "2022.??.??"]
[TimeControl "60"]

1. d4 d5 2. c4 c6 3. Nf3 Nf6 4. e3 Bf5 5. Nc3 e6 6. Nh4 Bg6 7. Nxg6 hxg6 8. Bd2 {[%emt 0:01:57] D12: Slav Defence: 3 Nf3
Nf6 4 e3 Bf5.} Nbd7 9. Qb3 Qb6 {[%emt 0:00:
00] is the legacy move (9...Qc7).} 10. Be2 Be7 11. O-O-O Qxb3 12. axb3 O-O-O {[%emt 0:00:27] [#]} 13. Kb1 $146 ({Predecessor:} 13.
Kc2 a6 14. h3 Rhe8 15. Bc1 b5 16. Bd2 Kb7 17. Rhe1 b4 18. Na2 a5 19. cxd5 exd5
{1-0 (74) Vojinovic,G (2463)-Haik,A (2381) France 2007}) 13... Rde8 14. Rc1 Bb4 15. h3 Kb8 16. Rhd1 a5 17. Bf3 Rh4 18. Na2 Bxd2 19. Rxd2 g5 20. Nc3 Nb6 21. Ne2 Nbd7 22. Ng3 g6 23. Re1 Kc7 24. Kc2 Nb6 25.
Kc3 e5 26. Ra1 exd4+ 27. exd4 Ra8 28. Re2 {
[%emt 0:01:55] Strongly threatening Re7+.} Kd8 {[%emt 0:01:32] Inhibits Re7.}
29. c5 (29. Re5 $14) 29... Nc8 (29... Nbd7 $5 ) 30. Re5 g4 (30... b6 $1 $11)
31. hxg4 (31. Bxg4 $14 Nxg4 32. hxg4) 31... b6 $1 $11 32. cxb6 {[%emt 0:01:59] Hoping for b7.} Nxb6 33. Rae1 Nc8 34. g5 $36 {[%emt 0:01:39]
White has good play.} Nd7 35. Re8+ Kc7 36. Nf1 Ra7 37. g3 Rh7 38. Bg4 {[%emt 0:01:28] 0x0.001f208362fadp-1022s
more active pieces.} Rh1 (38... Nd6 $14 {was preferrable.})
39. Nd2 $16 {[%emt 0:01:58] Really sharp!} Rxe1 40. Rxe1 Nd6 41. Be2 ({White should
play} 41. Re7 $16 Kd8 42. Rxd7+ Rxd7 43. Bxd7 Kxd7 44. Kd3) 41... Rb7 $14 42. Ra1 Kb6 43. Bd3 Nf8 $1 44. b4 axb4+ 45. Kxb4 Ne6 $1 46. Nf3 c5+ 47. dxc5+ Nxc5 48. Kc3 Nde4+ 49. Bxe4 Nxe4+ {[%emt 0:00:14] Endgame KRN-KRN} 50. Kd4 Nxf2 51. Kxd5 Rd7+ 52. Ke5 Ng4+ 53. Kf4 Nf2 54. Rf1 Nd3+ 55. Ke3 {[%emt 0:00:16]
Rd1 is the strong threat.} Nxb2 (55... Nb4 $11) 56. Ne5 (56. Rb1 $18 Rd3+ 57. Ke4) 56... Re7 $2 (56...
Nd1+ $14 57. Kf3 Rd5) 57. Kd4 $18 Na4 58.
Rf6+ Kc7 (58... Kb5 $142 59. Rxf7 (59. Nxf7
Rd7+ 60. Ke5 Kc5 $18) 59... Rxf7 60. Nxf7 Kc6) 59. Ra6 $2 (59.
Rxf7 Rxf7 60. Nxf7) 59... Nb6 $2 {[%emt 0:00:56] [#]} (59... Nb2 60. Ra7+ Kd6
61. Nxf7+ Ke6 62. Nd8+ Kd6 63. Ra6+ Kc7 64. Ne6+ Kd7) 60. Ra7+ $1 Kd6 {[%emt 0:00:26] [#]} 61. Ra6 $1 Kc7 $1 $11 62. Ra7+ $2 (62. Ng4 $11) 62... Kd6 $18 63. Nxf7+ Ke6 {[%emt 0:00:37] [#]} 64. Nd8+ $2 (64. Rxe7+ $1 $18 Kxe7 65. Ne5) 64... Kd6 $11 65. Nb7+ Ke6 66. Nc5+ Kf7 $1 67. Ra6 Nd7 68. Nd3 Nf8 69. Ne5+ Kg7 70.
Rd6 Ne6+ {[%emt 0:00:40] The position is equal.} 71. Kd5 Nc7+ 72. Ke4 Ne6 73. Kd5 Nc7+ {[%emt 0:00:00] Weighted Error Value:
White=0.28 (precise) /Black=0.32} 1/2-1/2

[Event "44th Chess Olympiad Open 2022"]
[Site "Chennai"]
[Date "2022.07.29"]
[Round "1.49"]
[White "Hoffman, Alejandro"]
[Black "Napoleao, Lourenco"]
[Result "1-0"]
[WhiteElo "2390"]
[BlackElo "1778"]
[Annotator "ChessBase"]
[PlyCount "73"]
[EventDate "2022.??.??"]
[TimeControl "60"]

1. d4 d5 2. c4 c6 3. e3 Nf6 4. Nc3 e6 5. b3 Bb4 6. Bd2 Bxc3 7. Bxc3 Ne4 8.
Qc2 Nxc3 9. Qxc3 O-O 10. Nf3 Nd7 11. Bd3 dxc4 12. Bxc4 c5 13.
Rd1 cxd4 14. Rxd4 Qf6 15. O-O Nb6 16. Qa5 Bd7 17. Bd3 g6 18.
Be4 Rfb8 19. Rfd1 Be8 20. h4 Bc6 21. Bxc6 bxc6 22. Ne5 c5 23.
Qxc5 Rc8 24. Qd6 Rd8 25. Qxd8+ Rxd8 26. Rxd8+ Kg7 27. Nf3 Nd5 28. Rd7 h6 29. Rxa7 g5 30. hxg5 hxg5 31. Rd4 Qg6 32. g3 Qf5 33. Kg2 g4 34. Nh2 Nxe3+ 35. fxe3 Qc2+ 36. Kg1 Qc1+ 37. Nf1 1-0

[Event "44th Chess Olympiad Open 2022"]
[Site "Chennai"]
[Date "2022.07.29"]
[Round "1.49"]
[White "Vasco Mateus Felizardo Viagei"]
[Black "Meier, Georg"]
[Result "0-1"]
[WhiteElo "1852"]
[BlackElo "2613"]
[Annotator "TA"]
[PlyCount "86"]
[EventDate "2022.??.??"]
[TimeControl "60"]

1. e4 c5 2. Nf3 a6 3. d4 cxd4 4. Nxd4 Nf6 5. Nc3 e5 6. Nb3 Bb4 7. Qf3 d6 {[%emt 0:10:04] B28: Sicilian: 2 Nf3 a6 (O'Kelly Variation)
.} 8. Bd2 O-O 9. h3 Be6 {
[%emt 0:03:05] The position is equal.} 10. a3 (10. Bd3 $11)
10... Bxc3 $15 11. Bxc3 {[%emt 0:00:06] [#]} Nc6 $146 ({Predecessor:} 11... Qc7 12. Be2 d5 13. Bd3 d4 14. Bd2 Nbd7
15. O-O Rac8 16. Qe2 Bc4 17. Rac1 Bxd3 18. Qxd3 {0-1 (26) Gretzer,O (2057)
-Bleher,W (1933) Ellwangen 2003}) 12. Bd3 Qb6 13. Nd2 d5 14. b4 a5 (14... d4 $5 15. Bb2 Rac8 $11) 15. b5 Nd4 16. Bxd4 Qxd4 17.
O-O Rac8 $36 {[%emt 0:02:28] Black is pushing.} 18. Rfe1 b6 19. Qg3 dxe4 20. Nxe4 Nxe4 21. Bxe4 Rc3 22. Qh4 h6 {
[%emt 0:04:53] Active counter play!} 23. Rad1 {[%emt 0:02:03] [#]} Qc5 24. Rd8 {[%emt 0:07:35] [#]} Qxa3 ({Much less
strong is} 24... Rxa3 25. Red1 f5 26. Rxf8+ Kxf8 27. Qd8+ Kf7 28. Bc6 $14) (
24... f5 $1 $17 25. Rxf8+ Qxf8) 25. Red1 $1 $11 Rc8 $1 {[%emt 0:01:27] aiming for ...Rcxd8.} 26. R1d6 {[%emt 0:00:34] Black
converts the advantage convincingly.} (26. R8d3 $1 $11 Qa2 27. Rg3) 26... Rcxd8
$19 {[%emt 0:10:14] The board is on fire.} 27. Rxd8 Qc5 {
[%emt 0:07:11] Threatens to win with ...a4.} 28. Bd3 f5 29. Rxf8+ Kxf8 {[%emt 0:00:00][%cal Yg8f8,
Yf8f7,Yf7f6] Endgame KQB-KQB} 30. Qd8+ Kf7 31. Qa8 (31. Qb8 $142) 31... e4 32. Bf1 Bd5 33. Qd8 (33. Qb8) 33...
a4 {[%emt 0:01:13][%cal Ya5a4,Ya4a3] Black is clearly winning.} 34. Qd7+ Kf6 35. c4 Be6 36. Qd8+ Kf7 {[%emt 0:00:00] ...a3 is the strong threat.}
37. Qb8 a3 38. Be2 Ke7 {
[%emt 0:02:08] And now ...e3 would win.} 39. Qa7+ Kf6 {
[%emt 0:01:17] White must now prevent ...e3.} 40. Qa4 e3 41. fxe3 Qxe3+ 42. Kf1 Kg6 (42... Qc1+ $142 43. Kf2 Qb2) 43. Qa8 Kh7 {[%emt 0:00:00] Weighted Error Value: White=0.91/Black=0.45
} 0-1

[Event "44th Chess Olympiad Open 2022"]
[Site "Chennai"]
[Date "2022.07.29"]
[Round "1.49"]
[White "Jamal, Hamid Harmon Gulamo"]
[Black "Diaz Hollemaert, Nahuel"]
[Result "1/2-1/2"]
[WhiteElo "1617"]
[BlackElo "2425"]
[Annotator "TA"]
[PlyCount "86"]
[EventDate "2022.??.??"]
[TimeControl "60"]

1. e4 d6 2. d4 g6 3. Nc3 Bg7 4. Be3 a6 5. Qd2 b5 6. O-O-O Nd7 7. f3 Nb6 {
[%emt 0:00:53] B06: Modern Defence.} 8. d5 (8. a3 $14) 8... b4
$1 $11 9. Nb1 a5 {[%emt 0:00:40] [#]} 10.
Bxb6 $146 (10. h4 $11) ({Predecessor:} 10. Bd4 Nf6 11. g4 e5
12. dxe6 fxe6 13. g5 Nh5 14. Bxg7 Nxg7 15. e5 d5 16. Qf4 {0-1 (35) Khamdamova,
A (1964)-Gubajdullin,A (2331) Chess.com INT 2022}) 10... cxb6 $15 11. Bb5+ Bd7 12. Qd3 Nf6 13. Ne2 O-O 14. Nd4 e6 15. Bxd7 Qxd7 (15... Nxd7 $15 16. dxe6 Nc5 17. exf7+
Rxf7) 16. dxe6 $11 fxe6 17. Qb5 (17. Nd2 $11) 17... Qxb5 $17 18. Nxb5 d5 19. Nc7 Bh6+ 20. Nd2 Rac8 21. Nxe6 Rfe8 22. Nd4 Rc4 ({Stronger than} 22...
dxe4 23. Kb1 $17) 23. N4b3 Rec8 $36 {[%emt 0:07:34] Black is
really pushing.} 24. Kb1 Rxc2 {[%emt 0:00:16] Strongly
threatening ...a4.} 25. Rc1 Rxc1+ 26. Rxc1 Re8 27.
Rd1 (27. Rc6 $142 dxe4 28. fxe4 (28. Rxf6 $2 e3 $19)) 27...
dxe4 28. Nxe4 Nxe4 29. fxe4 Rxe4 {[%emt 0:00:00] Endgame KRB-KRN} 30. Nd4 a4 31. Kc2 Bg7 32. Nf3 Rc4+ 33. Kd3 Rc5 34. Rd2 Kf7 35. Rc2 {[%emt 0:02:03] [#]}
Ke6 (35... Rxc2 $1 $17 36. Kxc2 Ke6) 36. b3 (
36. Rc4 $15) 36... axb3 37. axb3 Bc3 ({Black should play} 37... Rc3+ 38. Rxc3 bxc3) 38. Ra2 Rd5+ 39. Ke4 {[%emt 0:00:33] [#]} Ra5 {
[%emt 0:00:39] Prevents Ra7.} (39... Rd7 $1 $17) 40. Rxa5 $11 {[%emt 0:01:42]
The position is equal.} bxa5 41. Ng5+ Kd6 42. Nxh7 Kc5 {[%emt 0:03:37][%cal Ya5a4] ...
a4! is the strong threat.} 43. Kd3 Kd5 {[%emt 0:00:00]
Weighted Error Value: White=0.18 (very precise) /Black=0.17 (very precise)}
1/2-1/2

[Event "44th Chess Olympiad Open 2022"]
[Site "Chennai"]
[Date "2022.07.29"]
[Round "1.50"]
[White "Dardha, Daniel"]
[Black "Al-Hajiri, Bader"]
[Result "1-0"]
[WhiteElo "2575"]
[BlackElo "2011"]
[Annotator "TA"]
[PlyCount "81"]
[EventDate "2022.??.??"]
[TimeControl "60"]

1. c4 Nf6 2. Nc3 e6 3. d4 d5 4. cxd5 exd5 5. Bf4 Bd6 6. Bg3 Qe7 {[%emt 0:02:26] D35: Queen's Gambit Declined: Exchange Variation.}
7. e3 O-O 8. Bd3 c6 {
[%emt 0:02:25] The position is equal.} 9. Nge2 Nbd7 10. Qc2 Re8 {[%emt 0:00:24] [#]} 11. O-O-O $146 ({Predecessor:} 11. O-O Nf8 12. a3 Ng6 13. b4 Bd7 14. Na4 Rad8
15. Nc5 Bc8 16. b5 b6 17. Na4 cxb5 18. Bxb5 {1-0 (67) Ravi,T (2455)-Patil,P 
(2167) Majitar 2019}) 11... b5 12. Kb1 Nb6 13. Bxd6 Qxd6 14. Ng3 Rb8 (14... Be6 $15) 15. Ka1 (
15. e4 $1 $14) 15... a5 (15... h6 $11) 16. e4 $1 $14 dxe4 17. Ncxe4 Qxd4 {[%emt 0:06:24] 
[#] Loses the game.} (17... Nxe4 $14 18. Bxe4 Be6) 18. Nd6 $1 $18 Qe5 {[%emt 0:05:17] [#]} 19. f4 $1 Qe7 20. Nxe8 Qxe8 21. Rhe1 Qf8 22. Qxc6 Bd7 23. Qc7 Nbd5 24. Qe5 ({But not} 24.
Qxa5 Bg4 25. Rd2 (25. Bxb5 Bxd1 26. Rxd1 Ne3 $14) 25... Bd7 $18) 24... Bc6 25. Ne4 Nd7 26. Qg5 h6 27. Qg3 Qb4 (
27... a4 $142 28. Rc1 Ba8) 28. Bb1 N5b6 29.
Re2 {[%emt 0:02:57] Black must now prevent Nd6.} Re8 30. Rde1 Na4 (30... Nc4 $142 31. Rd1
Kf8) 31. a3 Qd4 (31... Qf8 $142 32. f5 Bxe4
33. Rxe4 Rxe4) 32. Rd2 Qb6 33. Nd6 Rxe1 34. Qxe1 {[%emt 0:00:09] White threatens Qe8+
and mate.} Ndc5 35. Ba2 {[%emt 0:00:22] Threatening mate with
Qe7.} b4 36. Qe7 {[%emt 0:00:51] White mates.} b3 37. Qxf7+ Kh8 38. Qf8+ Kh7 39. Bb1+ Ne4 40. Nxe4 Bxe4 41. Bxe4+ {[%emt 0:30:08] Weighted Error
Value: White=0.14 (very precise) /Black=0.57} 1-0

[Event "44th Chess Olympiad Open 2022"]
[Site "Chennai"]
[Date "2022.07.29"]
[Round "1.50"]
[White "Maerevoet, Sim"]
[Black "Hussain, Hashem"]
[Result "1-0"]
[WhiteElo "2409"]
[BlackElo "1757"]
[Annotator "ChessBase"]
[PlyCount "73"]
[EventDate "2022.??.??"]
[TimeControl "60"]

1. c4 e5 2. Nc3 Nc6 3. Nf3 Bb4 4. Nd5 Bc5 5. d3 d6 6. e3 Nge7 7. d4 exd4 8. exd4 Bb6 9. Nxb6 axb6 10. d5 Nb8 11. h3 O-O 12. Be2 h6 13. b3 Bf5 14. Bb2 Kh8 15. Qd2 f6 16. Nd4 Bd7 17. O-O Nf5 18.
Ne6 Bxe6 19. dxe6 Qe8 20. Bd3 Ne7 21. Bc2 Nbc6 22. Rfe1 Qh5 23. Re3 Ra5 24. b4 Rg5 25. f4 Rg6 26. Bxg6 Qxg6 27. Kh2 Qf5 28.
Rf1 Ra8 29. a3 Rd8 30. g4 Qh7 31. f5 Rf8 32. Ref3 Qg8 33. h4 Rd8 34. g5 Ne5 35. gxf6 gxf6 36. Qxh6+ Qh7 37. Qxf6+ 1-0

[Event "44th Chess Olympiad Open 2022"]
[Site "Chennai"]
[Date "2022.07.29"]
[Round "1.50"]
[White "Hashem, Khaled"]
[Black "Docx, Stefan"]
[Result "0-1"]
[WhiteElo "1870"]
[BlackElo "2434"]
[Annotator "ChessBase"]
[PlyCount "54"]
[EventDate "2022.??.??"]
[TimeControl "60"]

1. d4 Nf6 2. Nf3 d5 3. Bg5 Ne4 4. Bf4 c5 5. e3 Nc6 6. c3 f6 7. Nbd2 g5 8. Nxe4 dxe4 9. Nxg5 fxg5 10. Qh5+ Kd7 11. dxc5 gxf4 12. O-O-O+ Kc7 13. Rxd8 Kxd8 14. Bb5 Bg7 15. exf4 Kc7 16. Qd5 Rf8 17. Qxe4 Bf5 18. Qa4 Bd7 19. Re1 Rae8 20. g3 a6 21. Bd3 e5 22. fxe5 Rxf2 23. Qd1 Nxe5 24. Bxh7 Rxh2 25. Bc2 Nc4 26. Rxe8 Bxe8 27. Qf1 Rxc2+ 0-1

[Event "44th Chess Olympiad Open 2022"]
[Site "Chennai"]
[Date "2022.07.29"]
[Round "1.50"]
[White "Alhejab, Meshal"]
[Black "Lenaerts, Lennert"]
[Result "0-1"]
[WhiteElo "1732"]
[BlackElo "2379"]
[Annotator "TA"]
[PlyCount "65"]
[EventDate "2022.??.??"]
[TimeControl "60"]

1. e4 c5 2.
Nf3 e6 3. c3 Nf6 4. e5 Nd5 5. d4 cxd4 6. cxd4 d6 7. Bb5+ {[%emt 0:
00:00] B22: Sicilian: 2 c3.} Bd7 8. Bxd7+ Nxd7 9. O-O {[%emt 0:01:07] The position is equal.} dxe5 10. dxe5 Be7 11. b3 O-O 12. Bb2 {[%emt 0:00:56] [#]} Qa5 $146 ({Predecessor:} 12... Rc8 13. Na3 a6 14. Rc1 b5 15. Qd3 Qa5 16. Nc2 Qxa2
17. Bd4 Nc5 18. Bxc5 Rxc5 {0-1 (42) Nusrat Jahan,A (1766)-Ahmed,W (1919) Dhaka
2022}) 13. Nbd2 Rfd8 14. Nc4 Qa6 15. a4 N7b6 16. Nfd2 ({Better is} 16. Nxb6 $15 Qxb6 17. Bd4) 16... Nxc4 $19 17. bxc4 Nb6 {[%emt 0:04:14][%cal Yd5b6,Yb6c4,
Yc4d2] [#] White must now prevent ...Bb4.} 18. Qc2 Rac8 19. Ba3 Nxc4 20.
Rfc1 $2 (20. Bxe7 {is tougher.} Rxd2 21. Qc3) 20... Bg5 {
[%emt 0:08:09] Black is clearly winning.} (20... Rxd2 21. Qxd2 Bxa3 22. Rxa3
$17) 21. Bb4 Rc6 ({Don't blunder
} 21... Bxd2 $2 22. Bxd2 Qc6 23. Bg5 $19) ({Wrong is} 21... Qb6 $2 22. Nxc4
Qxb4 23. Rab1) 22. Ne4 (22. Nxc4 $142 Bxc1 23. Qxc1 (23. Rxc1
$2 Qxc4 24. Qxc4 Rxc4 $19) 23... Rxc4 24. Qe1) 22... Bxc1 23.
Qxc1 {[%emt 0:03:10] [#]} Nd2 $1 24. Qd1 Rd4 25. Bxd2 Rxe4 26. Be3 Rc8 {[%emt 0:00:41] Prevents Qd8+.} 27. Qf3 (27. Ra3 $142) 27... Rxa4 28. Rd1 Ra1 {[%emt 0:00:20] Hoping for ...Rd8.} 29. h3 Qa4 30. Rxa1 Qxa1+ 31. Kh2 Qxe5+ 32. Bf4 Qd5 {[%emt 0:
00:00] And now ...Qxf3 would win.} 33. Qg3 {[%emt 0:00:00] White did not feel
at home in the position after the opening. Weighted Error Value: White=0.56/
Black=0.15 (very precise)} 0-1

[Event "44th Chess Olympiad Open 2022"]
[Site "Chennai"]
[Date "2022.07.29"]
[Round "1.51"]
[White "Sanchez, Sebastian Felipe"]
[Black "Naipal, Hoolan"]
[Result "1-0"]
[WhiteElo "2440"]
[BlackElo "1785"]
[Annotator "TA"]
[PlyCount "61"]
[EventDate "2022.??.??"]
[TimeControl "60"]

1. d4 Nf6 2. c4 e6 3. g3 d5 4. Nf3 Be7 5. Bg2 O-O 6.
O-O Nbd7 7. Qc2 c6 8. Nbd2 b6 9.
e4 dxe4 10. Nxe4 Bb7 {
[%emt 0:01:27] The main line 10...Bb7 scores better than 10...Nxe4.} 11. Rd1 Qc8 12. Nc3 {[%emt 0:09:35] E09: Closed
Catalan: Main Line: 7 Qc2 c6 8 Nbd2.} Rd8 13. Bf4 a6 {[%emt 0:03:34] [#]} 14. Re1 $146 {[%emt 0:12:42] White is slightly
better.} ({Predecessor:} 14. a4 b5 15. c5 b4 16. Ne4 Nxe4 17. Qxe4 Nf6 18. Qc2
a5 19. Rac1 h6 20. h4 {1-0 (40) Johannesson,I (2331)-Jonsson,P (2057)
Reykjavik 2012}) 14... Bf8 15. Rad1 (15. Bh3
{is interesting.} Re8 16. Ne5 Nh5 17. Bd2) 15... h6 16. h4 {
[%emt 0:08:01] 0x0.0013b97bd56bdp-1022s more active pieces.} ({White should try
} 16. Ne5 $16) 16... b5 (16... c5 $11 {remains equal.}) 17. c5
$1 $16 Nd5 $2 (17... a5 $16) 18. Nxd5 $18 cxd5 19. g4 Re8 20. g5 h5 (20...
e5 $142) 21. g6 f6 22. Bh3 Qc6 (22... f5 $142 23. Re3 Nf6) 23. Re2 {[%emt 0:10:08][%cal
Ye2e6] Hoping for Rxe6!} Bxc5 24. dxc5 {[%emt 0:01:10][%cal
Ye2e6] Rxe6! is the strong threat.} e5 25. Bg3 d4 {[%emt 0:00:47] [#]} 26. Bg2 {[%emt 0:00:15] Black must now prevent Ne1.}
(26. Qb3+ Kh8 27. Bg2 (27. Bxd7 Qxd7 28. Nd2 Bd5 $14) 27... Nxc5 $16) 26...
Qxc5 27. Qf5 (27. Nxe5 Qxc2 28. Rxc2 Bxg2 $18
) 27... Nf8 28. Nxd4 ({Much less strong is} 
28. Qxh5 $6 b4 29. Ree1 (29. Nxd4 Bxg2 30. Kxg2 Qd5+ 31. Kh2 Qd7 $18) 29...
Rad8 $18) 28... Be4 (28... Bxg2 29. Kxg2 Qd5+ 30. Kh2 Qd8) 29.
Bf3 $4 (29. Bxe4 $18 Red8 30. Bxa8 Rxa8 31. Qxh5) 29... Bxf3 $4 (29... Bxf5 $19 {avoids the disaster.} 30. Bxa8 Rd8 31. Nxf5 Rxd1+ 32. Kh2
Nxg6) 30. Qxf3 $2 (30. Nxf3 $18 {Threatens to win with Rc2.}
Red8 31. Red2 Rxd2 32. Rxd2 (32. Nxd2 Rd8 $16)) 30... Qd5 $2 31. Re4 $2 {[%emt 0:00:00] White used his chance. Weighted Error Value:
White=0.83/ Black=0.89} (31. Qxd5+ {mates} Kh8 {[#]} 32. Bxe5 $1 Nxg6 33. Bd6
Ne5 34. f4 a5 35. fxe5 f5 36. Nxb5) 1-0

[Event "44th Chess Olympiad Open 2022"]
[Site "Chennai"]
[Date "2022.07.29"]
[Round "1.51"]
[White "Chinasamy, Devarajen"]
[Black "Avila Pavas, Santiago"]
[Result "0-1"]
[WhiteElo "1970"]
[BlackElo "2453"]
[Annotator "TA"]
[PlyCount "88"]
[EventDate "2022.??.??"]
[TimeControl "60"]

1. d4 Nf6 2. Nc3 d5 3. Bf4 a6 4. e3 e6 5. Nf3 b5 6. a3 {[%emt 0:02:35] D00:1 d4 d5: Unusual lines.} c5 7. dxc5 Bxc5 8. Bd3 {[%emt 0:00:38] Black
has an edge.} Bb7 {[%emt 0:02:11] [#]} 9. Ne5 $146 ({
Predecessor:} 9. O-O O-O 10. Qe2 Nbd7 11. Rad1 Qb6 12. e4 dxe4 13. Nxe4 Nxe4
14. Bxe4 Bxe4 15. Qxe4 {½-½ (42) Lugovskoy,M (2420)-Grachev,B (2612) Chess.
com INT 2020}) 9... Bd6 10. Bg3 Qc7 11. f4 Ne4 12. O-O (
{White should play} 12. Qg4 $15 O-O 13. Ne2) 12... Nxg3 (12...
Nxc3 13. bxc3 Nd7 14. Nxd7 Qxd7 15. f5 $15) 13. hxg3 Bxe5 14. fxe5 Qxe5 15. Qf3 O-O 16. Qf4 Nd7 17. Rae1 Rac8 18. e4 Qxf4 19. gxf4 dxe4 20. Bxe4 Bxe4 21. Rxe4 Nb6 {[%emt 0:
00:00] And now ...Nc4 would win.} 22. Re2 Nc4 23. Nd1 Rfd8 24. c3 Rd3 25. Nf2 Rd5 26. Rd1 Rcd8 27. Rxd5 Rxd5 $19 {[%emt 0:00:
00] Endgame KRN-KRN} ({And not} 27... exd5 28. Nd3 $17) 28. Ne4 Rd1+ 29. Kf2 Rb1 30. Nc5 (30. b4 $142) 30... Rxb2 ({Don't blunder} 
30... Nxb2 $2 31. f5 $19) 31. Nxa6 Rb3 32.
Nc7 (32. a4 $142) 32... h6 ({Wrong is} 32...
Nxa3 $2 33. f5 $19) 33. Re4 Nxa3 34. Rb4 Rxc3 35. Nxb5 Nxb5 36. Rxb5 {[%emt 0:00:05] KR-KR} g6 37. Ra5 Kg7 38. g3 Kf6 39.
Rb5 (39. g4 $142) 39... g5 {[%emt 0:01:26] Black is clearly
winning.} 40. fxg5+ (40. Rb7 $142) 40... hxg5 41. Ra5 Kg6 42. Rb5 f5 43. Rb6 Kf6 44. Ra6 (44. Rb4 $142) 44... f4 {[%emt 0:00:00] Weighted
Error Value: White=0.58/Black=0.14 (very precise)} 0-1

[Event "44th Chess Olympiad Open 2022"]
[Site "Chennai"]
[Date "2022.07.29"]
[Round "1.51"]
[White "Goorsahye, Antoine"]
[Black "Valderrama Quiceno, Esteban Alb"]
[Result "0-1"]
[WhiteElo "1783"]
[BlackElo "2436"]
[Annotator "TA"]
[PlyCount "68"]
[EventDate "2022.??.??"]
[TimeControl "60"]

1. Nf3 Nf6 2. c4 c5 3. Nc3 d5 4. cxd5 Nxd5 5. g3 Nc6 6. Bg2 Nc7 7. O-O e5 8. d3 Be7 9. b3 O-O 10. Bb2 Rb8 {[%emt 0:00:
00] A34: Symmetrical English: 2 Nc3, lines with ...d5.} 11. Rc1 b6 12. Ne4 f6 $1 {
[%emt 0:02:21] [#] Black is slightly better.} 13. Ned2 $146 ({
Predecessor:} 13. a3 a5 14. e3 Bf5 15. Qc2 Ne6 16. Rfd1 Qe8 17. Nh4 Bg4 18. f3
Bh5 19. Nf5 {½-½ (68) Baker,C (2258)-Vifleemskaia,S (1926) Chess.com INT 2022
}) 13... Bb7 14. Nc4 Qd7 15.
Qd2 Rfe8 16. h4 Bf8 17. Rfd1 Ne6 18. Bh3 Qf7 {[%emt 0:01:13] Black keeps a firm grip on the game.} 19.
Bg2 Rbd8 20. Qe3 (20. Ne1
$142) 20... Ned4 21. Nfd2 (21. Bxd4 $17 cxd4
22. Qd2) 21... Nb4 22. Ne4 Nxa2 23. Ra1 Nc2 24. Qd2 Nxa1 25. Rxa1 Bxe4 26. Bxe4 Nb4 27. f4 $2 {
[%emt 0:00:57] [#]} (27. g4) 27... exf4 28. Qxf4 Nc2 29. Rf1 Nd4 {[%emt 0:00:03]
Inhibits Qf5.} 30. Rf2 (30. Bxd4 cxd4 31. Qf5) 30... b5 $19 {
[%emt 0:06:52] Black is clearly winning.} 31. Ne3 Qxb3 32. Bxd4 Rxd4 33. Qf5 {
[%emt 0:01:02] [#]} Rdxe4 $1 34. dxe4 Qxe3 {
[%emt 0:00:11] Weighted Error Value: White=0.61/Black=0.16 (very precise)} 0-1

[Event "44th Chess Olympiad Open 2022"]
[Site "Chennai"]
[Date "2022.07.29"]
[Round "1.52"]
[White "Paragua, Mark"]
[Black "Salim Al Maashani Amer Said"]
[Result "1-0"]
[WhiteElo "2461"]
[BlackElo "2038"]
[Annotator "ChessBase"]
[PlyCount "69"]
[EventDate "2022.??.??"]
[TimeControl "60"]

1. d4 d5 2. Nf3 Nf6 3. c4 dxc4 4. Nc3 a6 5. e4 b5 6. e5 Nd5 7. a4 e6 8. axb5 Bb4 9. Bd2 Nb6 10. bxa6 Rxa6 11. Be2 Nc6 12. O-O O-O 13. Bg5 Qd7 14. Rxa6 Bxa6 15. Ne4 Qd5 16. Qb1 Nxd4 17. Nxd4 Qxd4 18. Bf6 Bb7 19. Ng5 g6 20. Rd1 Qf4 21. g3 Qf5 22. Qxf5 gxf5 23. Rd4 Nd5 24. Bxc4 Nxf6 25. exf6 Ra8 26. Bf1 Bd6 27. Rd1 Be5 28. Rd7 Bc6 29. Rxf7 Bxf6 30. Rxf6 Ra1 31. Nxe6 h6 32. Nd4 Be4 33. Nxf5 Rb1 34. Nxh6+ Kg7 35. Rf4 1-0

[Event "44th Chess Olympiad Open 2022"]
[Site "Chennai"]
[Date "2022.07.29"]
[Round "1.52"]
[White "Laylo, Darwin"]
[Black "Salim Issa, Ali Shamas"]
[Result "1-0"]
[WhiteElo "2432"]
[BlackElo "1851"]
[Annotator "TA"]
[PlyCount "71"]
[EventDate "2022.??.??"]
[TimeControl "60"]

1. c4 Nf6 2. d4 e6 3. Nf3 d5 4. Nc3 c6 5. Bg5 Be7 6. Qc2 Nbd7 7. e3 b6 8.
cxd5 {[%emt 0:06:20] D53: Queen's Gambit Declined: 4 Bg5 Be7: Early deviations.
} exd5 9. Bd3 Bb7 10. O-O {
[%emt 0:00:15] White is slightly better.} O-O 11. Ne5 h6 12. Bh4 (12. Bf4 $11)
12... Nxe5 $15 13. dxe5 Nd7 (13... Ng4 $17 14. Bg3 Bh4) 14. Bg3 $11 {[%emt 0:01:09] [#]} Bh4 $146 ({Predecessor:} 14... Nc5 15. Be2 Qc8 16. h3 Ne6 17. Rad1 Rd8 18. Bg4
Ba6 19. Rfe1 Qb7 20. f4 d4 {1-0 (35) Medina Fontes,S (2225)-Mareco,S San
Antonio de Padua 2001}) 15. Bxh4 Qxh4 16. f4 Qe7 17. e4 d4 18. Ne2 c5 19. Ng3 {[%emt 0:00:14]
Threatens to win with Nf5.} g6 {[%emt 0:00:42] Against Nf5} 20. Qe2 Kh7 21. a4 a6 22. b3 Ra7 23. Rae1 Nb8 (23... b5 $14) 24. f5 (24. e6 $18 fxe6 25. f5 exf5 26.
exf5 Qxe2 27. fxg6+ (27. Rxe2 Bd5 $16) 27... Kg8 28. Rxe2 (28. Nxe2 Bd5 $14))
24... Nc6 $16 {[%emt 0:00:21] [#]} 25. e6 Ne5 26. exf7 {[%emt 0:01:48] White is more active.} g5 (26... Rxf7
$2 27. fxg6+ Nxg6 28. e5 $18) 27. Bc4 {[%emt 0:00:26] Strongly threatening f6.}
({Don't play} 27. a5 $6 b5 $11) 27... Nxc4 $2 (27... Qd6 $16)
28. bxc4 $18 ({Weaker is} 28. Qxc4 Qe5 $16) 28... Rxf7 29. e5 Qe8 30. f6 Rf8 31. e6 {
[%emt 0:00:24] [#] White threatens f7 and mate.} Qc6 32. e7 {
[%emt 0:00:47] White mates.} Re8 33. Rf2 Bc8 34. Qd3+ Kh8 35. f7 Raxe7 36. Rxe7 {[%emt 0:00:03] Weighted Error
Value: White=0.22 (precise) /Black=0.68} 1-0